 Dungeon Crawl Stone Soup version 0.18.1-50-g88ac8fd (webtiles) character file.

114912 Moofe the Unseen (level 16, -9/146 HPs)
             Began as a Naga Venom Mage on Oct 17, 2016.
             Was a High Priest of Ashenzari.
             Mangled by a slime creature (13 damage)
             ... on level 3 of the Swamp on Oct 18, 2016.
             The game lasted 08:57:24 (37176 turns).

Moofe the Unseen (Naga Venom Mage)                 Turns: 37176, Time: 08:57:24

Health: -9/146     AC: 27    Str: 12    XL:     16   Next: 67%
Magic:  25/27      EV: 16    Int: 16    God:    Ashenzari [*****.]
Gold:   1693       SH: 10    Dex: 20    Spells: 10 memorised, 2 levels left

rFire  + . .     SeeInvis +     Q - +3 trident (freeze) (curse)
rCold  + . .     Gourm    .     u - +2 robe {MR+} (curse)
rNeg   . . .     Faith    .     D - +3 buckler (curse)
rPois  +         Spirit   .     L - +2 helmet (curse)
rElec  .         Dismiss  .     I - +0 cloak {rPois} (curse)
rCorr  .         Reflect  .     k - +2 pair of gloves {Dex+3} (curse)
SustAt .         Harm     .     l - +4 naga barding {rC+} (curse)
MR     +++..     Clarity  +     W - amulet of regeneration
Stlth  +++++++++.               U - +2 ring of protection
                                o - ring of protection from fire (curse)

@: flying, very slightly contaminated, very slow, extremely resistant to hostile
enchantments, incredibly stealthy
A: icy blue scales 1, see invisible, berserk 1, blink, clarity, deformed body,
poison resistance, slowness 2, slow regeneration 1, slow metabolism 1, spit
poison 2, constrict 1, AC +5
a: Spit Poison, Blink, Curse Item, Scrying, Transfer Knowledge, Renounce
Religion


You were on level 3 of the Swamp.
You worshipped Ashenzari.
Ashenzari was extremely pleased with you.
You were hungry.

You visited 6 branches of the dungeon, and saw 29 of its levels.
You also visited: Ice Cave.

You collected 2371 gold pieces.
You spent 678 gold pieces at shops.

Inventory:

Hand Weapons
 Q - a cursed +3 trident of freezing (weapon)
Armour
 k - a cursed +2 pair of gloves of dexterity (worn)
 l - a cursed +4 naga barding of cold resistance (worn)
 u - a cursed +2 robe of magic resistance (worn)
 D - a cursed +3 buckler (worn)
 I - a cursed +0 cloak of poison resistance (worn)
 L - a cursed +2 helmet (worn)
Jewellery
 o - a cursed ring of protection from fire (left hand)
 C - an uncursed amulet of dismissal
 N - an uncursed ring of protection from cold
 U - a +2 ring of protection (right hand)
 W - an amulet of regeneration (around neck)
Wands
 a - a wand of flame (23/48)
 n - a wand of polymorph (7/24)
 p - a wand of iceblast (2/15)
 q - a wand of iceblast (9/15)
 r - a wand of paralysis (14/24)
 s - a wand of enslavement (0/24)
 G - a wand of lightning (10/15)
 K - a wand of teleportation (3/9)
 M - a wand of flame (33/48)
 P - a wand of slowing (15/48)
Scrolls
 f - 2 scrolls of fear
 w - a scroll of amnesia
 y - 2 scrolls of remove curse
 B - 3 scrolls of recharging
 V - 2 scrolls of fog
Potions
 d - a potion of cure mutation
 e - 2 potions of might
 g - a potion of mutation
 h - 3 potions of brilliance
 x - 4 potions of curing
 z - 6 potions of flight
 A - a potion of haste
 H - a potion of agility
Books
 b - a Young Poisoner's Handbook

   Spells                             Type                      Level
   a - Sting                          Conjuration/Poison           1
   b - Cure Poison                    Poison                       2
   c - Mephitic Cloud                 Conjuration/Poison/Air       3
   d - Olgreb's Toxic Radiance        Poison                       4
   e - Venom Bolt                     Conjuration/Poison           5
 E - a book of Party Tricks

   Spells                             Type                      Level
   a - Summon Butterflies             Summoning                    1
   b - Apportation                    Translocation                1
   c - Tukima's Dance                 Hexes                        3
   d - Alistair's Intoxication        Transmutation/Poison         5
   e - Invisibility                   Hexes                        6
 X - a book of Debilitation

   Spells                             Type                      Level
   a - Corona                         Hexes                        1
   b - Slow                           Hexes                        2
   c - Gell's Gravitas                Hexes/Translocation          3
   d - Inner Flame                    Hexes/Fire                   3
   e - Cause Fear                     Hexes                        4
   f - Leda's Liquefaction            Hexes/Earth                  4
 Z - a book of Geomancy

   Spells                             Type                      Level
   a - Sandblast                      Earth                        1
   b - Passwall                       Transmutation/Earth          2
   c - Stone Arrow                    Conjuration/Earth            3
   d - Petrify                        Transmutation/Earth          4
   e - Lee's Rapid Deconstruction     Earth                        5
Miscellaneous
 m - a phial of floods
 F - a box of beasts {used: 2}
 R - a phantom mirror
 Y - a lamp of fire (inert)
Comestibles
 c - 23 bread rations
 O - a meat ration
 S - 8 fruits


   Skills:
 + Level 10.0 Fighting
   Level 1.2 Short Blades
 * Level 8.8(12.7) Polearms
 - Level 3.2 Throwing
 - Level 4.0 Armour
 - Level 6.0(10.0) Dodging
 * Level 16.1(19.5) Stealth
 + Level 7.4(10.1) Shields
 + Level 7.4 Spellcasting
 - Level 7.0 Conjurations
 * Level 7.5 Hexes
 + Level 3.1 Translocations
 + Level 2.9 Transmutations
 + Level 7.8 Air Magic
 + Level 3.1 Earth Magic
 * Level 14.8 Poison Magic
 + Level 7.1 Evocations


You had 2 spell levels left.
You knew the following spells:

 Your Spells              Type           Power        Failure   Level  Hunger
a - Sting                 Conj/Pois      ####         1%          1    None
b - Cure Poison           Pois           ######....   1%          2    None
c - Mephitic Cloud        Conj/Pois/Air  #####...     1%          3    ##.....
d - Venom Bolt            Conj/Pois      #####.....   4%          5    #####..
e - Apportation           Tloc           ###.......   3%          1    None
f - Tukima's Dance        Hex            ####....     1%          3    ##.....
g - Alistair's Intoxicat  Trmt/Pois      ####....     12%         5    #####..
h - Stone Arrow           Conj/Erth      ###...       6%          3    ##.....
i - Slow                  Hex            ####....     1%          2    None
j - Passwall              Trmt/Erth      ###.......   8%          2    None


Dungeon Overview and Level Annotations

Branches:
Dungeon (11/15)            Temple (1/1) D:4            Lair (7/8) D:11
  Swamp (4/4) Lair:5       Spider (4/4) Lair:6        Slime (0/6) Lair:6
    Orc (2/2) D:10            Elf (0/3) Orc:2

Altars:
Ashenzari
Cheibriados
Dithmenos
Elyvilon
Fedhas
Gozag
Kikubaaqudgha
Makhleb
Nemelex Xobeh
Okawaru
Pakellas
Qazlal
Ru
Sif Muna
Trog
Vehumet
Xom
Yredelemnul
Zin
The Shining One
Jiyva

Shops:
D:4 *   D:7 *   D:9 (

Annotations:
D:2 exclusion: door, Jessica
Lair:4 Harold
Lair:6 1 runed door, Kirke
Orc:2 Kloppie's ghost, adept HOBe


Innate Abilities, Weirdness & Mutations

You cannot wear boots.
Your serpentine skin is tough (AC +5).
You have supernaturally acute eyesight.
Armour fits poorly on your strangely shaped body.
Your system is resistant to poisons.
You cover ground very slowly.
You have a slow metabolism.
You can spit poison.
You can use your snake-like lower body to constrict enemies.
You are partially covered in icy blue scales (AC +1).
You tend to lose your temper in combat.
You can translocate small distances at will.
You possess an exceptional clarity of mind.
You regenerate slowly when monsters are visible.


Message History

You puncture the spriggan! You freeze the spriggan.
You kill the spriggan!
The slime creature hits you!
* * * LOW HITPOINT WARNING * * *
Evoke which item? (* to show all) (? for menu, Esc to quit)
You open the lid... ...and a juvenile fireshock beast leaps out!
The slime creature hits you but does no damage.
You hit the slime creature. You freeze the slime creature.
The slime creature is lightly wounded.
You puncture the slime creature! You freeze the slime creature.
The slime creature is moderately wounded.
The slime creature completely misses you.
Your juvenile fireshock beast bursts into living lightning!
The living lightning hits the slime creature.
Your juvenile fireshock beast blinks!
You hit the slime creature. You freeze the slime creature.
The slime creature is heavily wounded.
The slime creature hits you!
You die...

♣♣♣♣♣ ♣≈≈≈≈≈.. ♣≈..♣♣
♣♣.≈≈≈≈.. ♣♣.≈.♣♣♣
♣≈.≈≈≈≈§. ♣♣♣≈.†♣♣
♣♣♣♣.≈≈≈≈≈ ♣≈...≈♣
♣♣.≈♣♣♣.≈≈≈ ♣♣♣.≈≈≈♣♣
♣♣♣♣♣♣♣≈.........
♣.≈≈≈≈≈.♣♣♣≈≈≈≈♣♣♣.≈≈≈[..♣♣
♣..≈≈..♣♣♣§≈§≈H♣♣≈..≈≈...♣♣
♣♣≈..♣♣♣..@J≈≈<.≈♣.≈≈≈≈≈..♣
♣♣..†♣≈.≈§§≈>≈..§..≈≈≈≈.♣♣
♣.≈≈≈..§?≈♣♣♣♣♣♣.....≈≈≈♣♣
♣.≈≈≈..♣♣♣♣ ♣♣≈≈...≈≈≈♣♣
♣..≈≈≈.§♣ ♣≈.....≈≈≈.†
♣♣.≈≈.≈♣♣ ♣♣≈.....≈..♣
♣§..≈.♣♣ ♣♣♣..≈♣≈♣♣♣
♣.≈..≈.♣ ♣♣♣♣♣♣♣ ♣♣≈.≈.≈♣


You could see a slime creature and a friendly juvenile fireshock beast.

Vanquished Creatures
  A thorn hunter (Swamp:3)
  Donald (Swamp:3)
  Louise (Swamp:2)
  An orc warlord (Orc:1)
  4 entropy weavers
  3 ghost crabs
  A centaur warrior (D:9)
  12 alligators
  4 hydras
  2 death yaks (Lair:3)
  3 orc high priests (Orc:2)
  3 swamp dragons
  An unseen horror (D:11)
  6 hill giants
  2 orc knights (Orc:2)
  9 orb spiders
  Pikel (D:6)
  3 hornets
  A griffon (Lair:5)
  A manticore (D:11)
  2 orc sorcerers (Orc:2)
  13 wolf spiders
  2 moths of wrath
  2 ugly things (D:11)
  A cyclops (D:9)
  Joseph (D:8)
  Maurice (D:8)
  13 elephants
  4 black mambas
  Psyche (D:10)
  3 torpor snails
  A centaur skeleton (D:11)
  A gargoyle (D:11)
  17 spiny frogs
  7 rime drakes
  2 freezing wraiths
  9 komodo dragons
  6 demonic crawlers
  The ghost of Moofe the Grasshopper, an amateur NaWr (D:5)
  23 jumping spiders
  6 trolls
  4 polar bears (Lair:5)
  A merfolk (D:9)
  3 giant leeches
  12 slime creatures
  4 bog bodies
  3 two-headed ogres
  9 blink frogs
  2 boulder beetles (Spider:1)
  3 spriggans
  2 shadows (Swamp:1)
  22 tarantellas
  2 wraiths
  52 redbacks
  4 wyverns
  21 yaks
  2 basilisks (Lair:5)
  2 hungry ghosts
  5 hippogriffs
  A steam dragon (Lair:1)
  A swamp worm simulacrum (Swamp:4)
  9 vampire mosquitoes
  22 insubstantial wisps
  Menkaure (D:5)
  15 swamp worms
  2 wargs
  6 water moccasins
  8 porcupines
  2 hell hounds (D:11)
  5 ice beasts
  34 orc warriors
  2 slaves (D:6)
  8 swamp drakes
  4 sky beasts
  An eye of draining (D:10)
  5 wasps
  4 wolves
  A phantom (D:11)
  7 ogres
  9 centaurs
  10 crocodiles
  A big kobold (D:7)
  20 giant frogs
  A water moccasin zombie (D:9)
  2 wyvern skeletons
  7 scorpions
  9 killer bees (D:11)
  2 howler monkeys
  4 wights (D:10)
  An electric eel (Lair:3)
  8 crimson imps
  2 quasits
  7 jellies
  2 centaur zombies
  2 giant frog zombies
  A draconian simulacrum (IceCv)
  6 hounds
  22 orc priests
  7 iguanas
  5 worker ants
  Natasha (twice) (D:2)
  25 orc wizards
  9 sheep
  2 hound skeletons (D:10)
  3 worker ant zombies
  16 adders
  62 river rats
  A howler monkey skeleton (D:9)
  3 shadow imps
  A white imp (IceCv)
  2 oozes
  An adder zombie (D:9)
  2 adder skeletons
  4 worms
  2 dart slugs
  6 giant geckos
  82 orcs
  7 bats
  9 giant cockroaches
  5 goblins
  8 hobgoblins
  23 jackals
  7 quokkas
  A ball python (D:1)
  8 giant newts
  A jackal zombie (D:3)
  14 kobolds
  2 quokka skeletons
  2 rats
  2 fungi (Lair:3)
  4 plants (Lair:3)
911 creatures vanquished.

Vanquished Creatures (collateral kills)
  Maud (Orc:1)
  Urug (Orc:1)
  An orb spider (Spider:2)
  2 jumping spiders
  2 redbacks (Spider:2)
  A tarantella (Spider:2)
  An orc warrior (Orc:2)
  2 swamp drake simulacra (Swamp:4)
  An orc (Orc:2)
12 creatures vanquished.

Vanquished Creatures (others)
  A spriggan druid (Swamp:3)
  An orc knight (Orc:2)
  A wolf spider (Spider:2)
  A dancing weapon (Orc:2)
  A swamp drake (Swamp:1)
  An ufetubus (IceCv)
  An orc (D:10)
  55 fungi
  11 plants
73 creatures vanquished.

Grand Total: 996 creatures vanquished

Notes
Turn   | Place    | Note
--------------------------------------------------------------
     0 | D:1      | Moofe the Naga Venom Mage began the quest for the Orb.
     0 | D:1      | Reached XP level 1. HP: 15/15 MP: 3/3
   260 | D:1      | Reached XP level 2. HP: 11/24 MP: 0/5
   702 | D:1      | Learned a level 2 spell: Cure Poison
   939 | D:2      | Noticed Jessica
  1066 | D:2      | Found a glowing golden altar of the Shining One.
  1131 | D:2      | Reached skill level 1 in Fighting
  1131 | D:2      | Reached XP level 3. HP: 27/31 MP: 2/6
  1342 | D:2      | Reached skill level 1 in Conjurations
  1343 | D:2      | Noticed Natasha
  1350 | D:2      | Killed Natasha
  1350 | D:2      | Reached skill level 1 in Short Blades
  1350 | D:2      | Reached XP level 4. HP: 32/38 MP: 0/7
  1419 | D:2      | Learned a level 3 spell: Mephitic Cloud
  1839 | D:2      | Noticed Natasha
  1847 | D:2      | Killed Natasha
  2001 | D:2      | Reached XP level 5. HP: 45/45 MP: 4/8
  2404 | D:3      | Found an ancient bone altar of Kikubaaqudgha.
  2405 | D:3      | Found a shattered altar of Ashenzari.
  2407 | D:3      | Found a snail-covered altar of Cheibriados.
  2409 | D:3      | Found a sparkling altar of Nemelex Xobeh.
  2409 | D:3      | Found a burning altar of Makhleb.
  2411 | D:3      | Found a radiant altar of Vehumet.
  2412 | D:3      | Found a blossoming altar of Fedhas.
  2694 | D:3      | Reached skill level 4 in Stealth
  2959 | D:4      | Found a staircase to the Ecumenical Temple.
  3080 | Temple   | Entered the Ecumenical Temple
  3383 | D:3      | Became a worshipper of Ashenzari the Shackled
  3393 | D:3      | Reached XP level 6. HP: 55/55 MP: 5/9
  3509 | D:4      | Found Nigux's Assorted Antiques.
  3514 | D:4      | Bought a scroll of remove curse for 93 gold pieces
  3547 | D:4      | Reached skill level 1 in Armour
  3547 | D:4      | Reached skill level 1 in Air Magic
  3727 | D:4      | Reached skill level 1 in Maces & Flails
  3998 | D:4      | Reached XP level 7. HP: 53/62 MP: 6/11
  4235 | D:5      | Entered Level 5 of the Dungeon
  4235 | D:5      | Noticed Menkaure
  4354 | D:5      | Noticed Moofe's ghost (amateur NaWr)
  4489 | D:6      | Reached skill level 5 in Stealth
  4800 | D:6      | Reached * piety under Ashenzari
  5151 | D:6      | Noticed Pikel
  5395 | D:6      | Reached XP level 8. HP: 69/69 MP: 12/12
  5506 | D:7      | Found a sacrificial altar of Ru.
  5549 | D:7      | Reached skill level 1 in Evocations
  6289 | D:7      | Reached skill level 6 in Stealth
  6815 | D:8      | Noticed Maurice
  7073 | D:8      | Noticed a two-headed ogre
  7083 | D:8      | Killed a two-headed ogre
  7083 | D:8      | Reached skill level 7 in Stealth
  7083 | D:8      | Reached XP level 9. HP: 60/78 MP: 9/14
  7147 | D:8      | Found an oddly glowing altar of Pakellas.
  7406 | D:8      | Noticed Joseph
  7770 | D:9      | Noticed a merfolk
  7786 | D:9      | Killed a merfolk
  8129 | D:9      | Found Atupsox's Weapon Emporium.
  8444 | D:9      | Noticed a troll
  8455 | D:9      | Killed a troll
  8455 | D:9      | Reached skill level 1 in Throwing
  8455 | D:9      | Reached skill level 8 in Stealth
  8796 | D:9      | Found a large runed door.
  8799 | D:9      | Reached ** piety under Ashenzari
  8846 | D:9      | Found a large runed door.
  8885 | D:9      | Noticed a cyclops
  8923 | D:9      | Reached XP level 10. HP: 87/87 MP: 16/16
  9091 | D:9      | Found an opulent altar of Gozag.
  9909 | D:8      | Learned a level 5 spell: Venom Bolt
  9936 | D:8      | Killed Joseph
 10040 | D:8      | Killed Maurice
 10040 | D:8      | Reached skill level 9 in Stealth
 11004 | D:7      | Found Ytysch's Assorted Antiques.
 11009 | D:7      | Bought a scroll of identify for 40 gold pieces
 11176 | D:7      | Reached skill level 5 in Maces & Flails
 11508 | D:6      | Killed Pikel
 11609 | D:5      | Reached skill level 5 in Fighting
 11683 | D:10     | Entered Level 10 of the Dungeon
 11783 | D:10     | Noticed a hill giant
 11826 | D:9      | Noticed a centaur warrior
 12276 | D:10     | Noticed Psyche
 12548 | D:10     | Reached XP level 11. HP: 87/94 MP: 11/18
 12699 | D:10     | Killed Psyche
 12699 | D:10     | Reached skill level 10 in Stealth
 12761 | D:10     | Reached skill level 1 in Shields
 12761 | D:10     | Reached skill level 10 in Poison Magic
 13069 | D:10     | Gained mutation: You are partially covered in icy blue scales (AC +1). [mutagenic meat]
 13070 | D:10     | Gained mutation: Your spells are a little harder to cast, but a little more powerful. [mutagenic meat]
 13071 | D:10     | Gained mutation: You possess an exceptional clarity of mind. [mutagenic meat]
 13072 | D:10     | Lost mutation: Your spells are a little harder to cast, but a little more powerful. [mutagenic meat]
 13533 | D:10     | Killed a hill giant
 13533 | D:10     | Reached skill level 5 in Conjurations
 13538 | D:10     | Noticed a hill giant
 13663 | D:10     | Killed a hill giant
 13663 | D:10     | Reached skill level 5 in Spellcasting
 13725 | D:10     | Found a staircase to the Orcish Mines.
 14032 | D:11     | Noticed a manticore
 14037 | D:11     | Killed a manticore
 14174 | D:11     | Found a staircase to the Lair.
 14213 | D:11     | Noticed a white ugly thing
 14255 | D:11     | Killed a cyan ugly thing
 14601 | D:11     | Noticed a hill giant
 14601 | D:11     | Noticed an unseen horror
 14622 | D:11     | Killed a hill giant
 14622 | D:11     | Reached skill level 11 in Stealth
 14629 | D:11     | Killed an unseen horror
 14688 | D:11     | Noticed a hill giant
 14717 | D:11     | Reached XP level 12. HP: 42/103 MP: 2/19
 15499 | Lair:1   | Entered Level 1 of the Lair of Beasts
 15615 | Lair:1   | Found a stormy altar of Qazlal.
 16154 | Lair:1   | Reached *** piety under Ashenzari
 16237 | Lair:1   | Reached skill level 5 in Air Magic
 16608 | Lair:2   | Learned a level 1 spell: Apportation
 16612 | Lair:2   | Learned a level 3 spell: Tukima's Dance
 16618 | Lair:2   | Learned a level 5 spell: Alistair's Intoxication
 17369 | Lair:3   | Reached skill level 5 in Evocations
 17382 | Lair:3   | Reached skill level 12 in Stealth
 17644 | Lair:3   | Reached **** piety under Ashenzari
 17694 | Lair:3   | Noticed a death yak
 17696 | Lair:3   | Noticed a death yak
 17698 | Lair:3   | Noticed a death yak
 17699 | Lair:3   | Noticed a death yak
 17700 | Lair:3   | Noticed a death yak
 17725 | Lair:3   | Killed a death yak
 17725 | Lair:3   | Gained mutation: You can use your snake-like lower body to constrict enemies. [Naga growth]
 17725 | Lair:3   | Reached XP level 13. HP: 83/114 MP: 8/21
 18698 | Lair:4   | Reached skill level 1 in Hexes
 19231 | Lair:4   | Reached ***** piety under Ashenzari
 19345 | Lair:4   | Noticed Harold
 19697 | Lair:5   | Found a staircase to the Swamp.
 19702 | Lair:5   | Reached skill level 5 in Dodging
 20043 | Lair:5   | Reached skill level 13 in Stealth
 20094 | Lair:5   | Reached skill level 5 in Shields
 20614 | Lair:6   | Found a runed door.
 20616 | Lair:6   | Found a viscous altar of Jiyva.
 20616 | Lair:6   | Noticed an acid blob
 20621 | Lair:6   | Found a staircase to the Slime Pits.
 20695 | Lair:6   | Noticed Kirke
 21031 | Lair:6   | Found a hole to the Spider Nest.
 21241 | Lair:7   | Reached XP level 14. HP: 126/126 MP: 23/23
 21934 | Lair:7   | Reached ****** piety under Ashenzari
 22292 | Swamp:1  | Entered Level 1 of the Swamp
 22405 | Spider:1 | Entered Level 1 of the Spider Nest
 22863 | Spider:1 | Found a frozen archway.
 22889 | IceCv    | Entered an ice cave
 23597 | Spider:1 | Noticed an emperor scorpion
 24153 | Spider:1 | Reached skill level 14 in Stealth
 25729 | Spider:2 | Reached skill level 5 in Hexes
 25924 | Spider:2 | Reached XP level 15. HP: 123/135 MP: 25/25
 26006 | Spider:2 | Learned a level 3 spell: Stone Arrow
 26510 | Spider:3 | Learned a level 2 spell: Slow
 26677 | Spider:3 | Gained mutation: You regenerate slowly when monsters are visible. [potion of mutation]
 26677 | Spider:3 | Gained mutation: You tend to lose your temper in combat. [potion of mutation]
 26677 | Spider:3 | Gained mutation: You can translocate small distances at will. [potion of mutation]
 26786 | Spider:3 | Reached skill level 15 in Stealth
 26961 | Spider:4 | Entered Level 4 of the Spider Nest
 27021 | Spider:4 | Noticed a ghost moth
 27725 | D:5      | Killed Moofe's ghost
 27755 | D:5      | Found a stormy altar of Qazlal.
 27874 | D:5      | Killed Menkaure
 27874 | D:5      | Reached skill level 1 in Polearms
 28534 | Orc:1    | Entered Level 1 of the Orcish Mines
 28653 | Orc:2    | Entered Level 2 of the Orcish Mines
 28667 | Orc:2    | Noticed Kloppie's ghost (adept HOBe)
 29122 | Orc:1    | Found Gukus's Quality Used Wands.
 29220 | Orc:1    | Noticed Maud
 29240 | Orc:1    | Killed Maud
 29454 | Orc:1    | Noticed Urug
 29459 | Orc:1    | Reduced skill Maces & Flails to level 5
 29464 | Orc:1    | Killed Urug
 29464 | Orc:1    | Reached skill level 5 in Polearms
 29565 | Orc:2    | Found a staircase to the Elven Halls.
 29793 | Orc:2    | Reached skill level 1 in Translocations
 30186 | Orc:2    | Noticed an orc warlord
 30248 | Orc:1    | Killed an orc warlord
 30248 | Orc:1    | Reached skill level 1 in Transmutations
 30339 | Orc:2    | Found a radiant altar of Vehumet.
 30833 | Orc:2    | Reached skill level 1 in Earth Magic
 32116 | D:9      | Found an iron altar of Okawaru.
 32120 | D:9      | Found an iron altar of Okawaru.
 32128 | D:9      | Reduced skill Maces & Flails to level 1
 32389 | D:7      | Bought a potion of might for 80 gold pieces
 32471 | D:4      | Bought a hardcover book for 465 gold pieces
 32676 | Lair:1   | Learned a level 2 spell: Passwall
 33517 | Swamp:1  | Reached XP level 16. HP: 64/145 MP: 24/26
 34686 | Swamp:2  | Noticed Louise
 34691 | Swamp:2  | Noticed a thorn hunter
 35700 | Swamp:2  | Killed Louise
 35861 | Swamp:2  | Reached skill level 16 in Stealth
 35978 | Swamp:3  | Noticed a thorn hunter
 36057 | Swamp:3  | Identified the +1 leather armour of Reason {+Fly rC- Str+4 Int+4} (You found it on level 3 of the Swamp)
 36329 | Swamp:3  | Killed a thorn hunter
 36454 | Swamp:3  | Reached skill level 10 in Fighting
 36674 | Swamp:4  | Entered Level 4 of the Swamp
 36765 | Swamp:3  | Noticed Donald
 36794 | Swamp:3  | Killed Donald
 37137 | Swamp:3  | HP: 6/146 [swamp drake[a spriggan druid] (9)]
 37142 | Swamp:3  | HP: 6/146 [spriggan druid/stone arrow (2)]
 37155 | Swamp:4  | HP: 3/146 [slime creature (7)]
 37160 | Swamp:3  | HP: 4/146 [spriggan/rapier (9)]
 37172 | Swamp:3  | HP: 3/146 [slime creature (13)]
 37176 | Swamp:3  | Mangled by a slime creature

Skill      XL: |  1  2  3  4  5  6  7  8  9 10 11 12 13 14 15 16 |
---------------+-------------------------------------------------+-----
Fighting       | 1 2 3 4 5 6 8 9 10 | 10.0
Conjurations   | 1 2 3 4 5 7 |  7.0
Short Blades   | 1 |  1.2
Dodging        | 2 3 4 5 6 |  6.0
Poison Magic   | 6 7 8 9 10 11 12 13 14 | 14.8
Stealth        | 4 5 7 8 9 11 12 13 14 15 16 | 16.1
Armour         | 1 2 3 4 |  4.0
Air Magic      | 1 2 3 4 5 6 7 |  7.8
Maces & Flails | 1 3 4 5 6 7 0 |  0.0
Spellcasting   | 3 4 5 6 7 |  7.4
Evocations     | 1 2 3 4 5 6 7 |  7.1
Throwing       | 1 3 |  3.2
Shields        | 2 3 5 6 7 |  7.4
Hexes          | 3 5 6 7 |  7.5
Polearms       | 8 |  8.8
Translocations | 2 3 |  3.1
Transmutations | 1 2 |  2.9
Earth Magic    | 1 3 |  3.1

Action                   |  1- 3 |  4- 6 |  7- 9 | 10-12 | 13-15 | 16-18 || total
-------------------------+-------+-------+-------+-------+-------+-------++-------
Melee: Short sword       |     6 |     9 |       |       |       |       ||    15
       Whip              |       |    48 |   161 |   854 |  1586 |       ||  2649
       Constrict         |       |       |       |       |   309 |    62 ||   371
       Trident           |       |       |       |       |   660 |   695 ||  1355
 Cast: Sting             |    33 |   120 |   219 |   189 |   152 |     2 ||   715
       Mephitic Cloud    |       |       |       |    90 |   103 |     1 ||   194
       Cure Poison       |       |       |       |     2 |     5 |     1 ||     8
       Tukima's Dance    |       |       |       |       |    13 |       ||    13
       Stone Arrow       |       |       |       |       |     2 |       ||     2
       Slow              |       |       |       |       |       |     7 ||     7
Invok: Curse Item        |       |     3 |     2 |     3 |     3 |       ||    11
       Scrying           |       |       |       |     2 |     2 |       ||     4
       Transfer Knowledg |       |       |       |       |     2 |       ||     2
 Abil: Spit Poison       |    24 |    60 |   107 |   176 |   137 |    52 ||   556
       Blink             |       |       |       |       |     1 |    10 ||    11
Evoke: Wand              |       |       |       |     1 |     9 |     4 ||    14
       Box of beasts     |       |       |       |       |       |     2 ||     2
       Lamp of fire      |       |       |       |       |       |     1 ||     1
  Use: Potion            |     2 |       |     1 |     5 |    10 |     4 ||    22
       Scroll            |     5 |     3 |    11 |    17 |    23 |     4 ||    63
 Stab: Sleeping          |     1 |       |     1 |       |    26 |     7 ||    35
       Invisible         |       |       |     1 |       |       |       ||     1
       Paralysed         |       |       |       |     5 |     5 |       ||    10
       Confused          |       |       |       |    67 |    72 |     1 ||   140
       Distracted        |       |       |       |       |     7 |     9 ||    16
  Eat: Chunk             |     2 |    12 |    10 |    26 |    22 |       ||    72
       Pizza             |       |     1 |     1 |       |       |       ||     2
       Beef jerky        |       |       |     3 |     1 |     5 |     1 ||    10
       Meat ration       |       |       |     1 |     4 |     5 |     2 ||    12
       Royal jelly       |       |       |       |     1 |       |       ||     1
       Fruit             |       |       |       |     2 |     5 |       ||     7
Armor: Robe              |    12 |    47 |   130 |    69 |   168 |   229 ||   655
       Troll leather arm |       |       |       |   209 |   792 |       ||  1001
Dodge: Dodged            |     9 |    45 |   109 |   243 |   924 |   266 ||  1596
Block: Buckler           |       |       |     3 |   226 |   917 |   207 ||  1353
